 Dungeon Crawl Stone Soup version 0.27-a0-1312-g5cdb2b3542 (webtiles) character file.

Game seed: 827524947807355324

95 Megalobster the Chopper (level 4, 39/39 HPs)
             Began as a Minotaur Berserker on June 19, 2021.
             Was a Believer of Trog.
             Quit the game on level 2 of the Dungeon on Oct 30, 2021.
             The game lasted 00:04:56 (1756 turns).

Megalobster the Chopper (Minotaur Berserker)        Turns: 1756, Time: 00:04:57

Health: 39/39      AC:  3    Str: 22    XL:     4   Next: 40%
Magic:  3/3        EV: 11    Int:  4    God:    Trog [**....]
Gold:   42         SH:  0    Dex: 10    Spells: 3/3 levels left

rFire    . . .     SeeInvis .   a - +0 hand axe
rCold    . . .     Faith    .   (no shield)
rNeg     . . .     Spirit   .   e - +0 leather armour
rPois    .         Reflect  .   (helmet restricted)
rElec    .         Harm     .   (no cloak)
rCorr    .         Rampage  .   (no gloves)
Will     .....                  (no boots)
Stlth    +.........             (no amulet)
HPRegen  0.13/turn              (no ring)
MPRegen  0.08/turn              (no ring)

@: no status effects
A: horns 2, retaliatory headbutt
a: Renounce Religion, Berserk, Trog's Hand


You were on level 2 of the Dungeon.
You worshipped Trog.
Trog was pleased with you.
You visited 1 branch of the dungeon, and saw 2 of its levels.

You collected 42 gold pieces.

Inventory:

Hand Weapons
 a - a +0 hand axe (weapon)
Missiles
 c - 139 stones
Armour
 b - a +0 animal skin
 e - a +0 leather armour (worn)
Scrolls
 d - 2 scrolls of identify {unknown}
 f - 3 scrolls of teleportation {unknown}
 h - a scroll of fog {unknown}
Potions
 g - a potion of attraction {unknown}
 i - a potion of curing {unknown}
 j - a potion of haste {unknown}


   Skills:
 - Level 3.6 Fighting
 * Level 6.3 Axes
 - Level 2.4 Armour
 - Level 2.1 Dodging


You had 3 spell levels left.
You didn't know any spells.
Your spell library was empty.

Dungeon Overview and Level Annotations

Branches:
Dungeon (2/15)

Altars:


Innate Abilities, Weirdness & Mutations

You have a pair of horns on your head.
You reflexively headbutt those who attack you in melee.


Message History

The adder is moderately wounded.
You feel sick. The adder bites you but does no damage.
You take 1 damage, and have 29/39 hp.
You hit the adder.
The adder is heavily wounded.
You feel sick. The adder barely misses you.
You take 1 damage, and have 28/39 hp.
You miss the adder.
The adder is heavily wounded.
You feel sick. The adder misses you.
You take 1 damage, and have 27/39 hp.
You closely miss the adder.
The adder is heavily wounded.
You feel sick.
You are no longer poisoned.
The adder completely misses you. The adder misses you.
You miss the adder. Your headbutt misses the adder.
The adder is heavily wounded.
The adder bites you.
You are poisoned.
The adder poisons you!
You take 3 damage, and have 24/39 hp.
You barely miss the adder. You headbutt the adder.
You kill the adder!
Trog accepts your kill.
You feel sick.
You take 2 damage, and have 22/39 hp.
You feel sick.
You see here an adder corpse.
You take 1 damage, and have 21/39 hp.
You start resting.
You feel sick. x3
You are no longer poisoned.
You take 3 damage, and have 18/39 hp.
You start resting.
HP restored.
Health restored: 39 Welcome back, Megalobster the Minotaur Berserker.
Trog says: Kill them all!
Press ? for a list of commands and other information.
Are you sure you want to abandon this character and quit the game? (Confirm with "yes".)

....##....##...#
....#####...##.## ##
....#######.....## ...
.....<^..........## ..##
..................##....
..............###.......
####..........###.......
# #..........##....# ##
#..[.......##@..#
.####.####.#.###...#
.......#..........##
..............##..#
...............#..#
.......<..........#
..................#
...............#.##
...............#.#


There were no monsters in sight!

Vanquished Creatures
  4 adders (D:2)
  An adder skeleton (D:2)
  A worm (D:2)
  3 bats (D:1)
  2 endoplasms
  5 giant cockroaches
  6 goblins
  5 hobgoblins
  14 kobolds
  A quokka (D:1)
  3 ball pythons
  2 frilled lizards (D:1)
  5 rats
52 creatures vanquished.

Notes
Turn   | Place    | Note
-------+----------+-------------------------------------------
     0 | D:1      | Megalobster the Minotaur Berserker began the quest for the
                  | Orb.
     0 | D:1      | Reached XP level 1. HP: 19/19 MP: 0/0
   128 | D:1      | Reached skill level 4 in Axes
   137 | D:1      | Reached XP level 2. HP: 19/26 MP: 1/1
   799 | D:1      | Reached skill level 5 in Axes
   802 | D:1      | Reached ** piety under Trog
   822 | D:1      | Reached XP level 3. HP: 29/31 MP: 2/2
  1336 | D:2      | Reached XP level 4. HP: 38/39 MP: 3/3
  1350 | D:2      | Reached skill level 6 in Axes
  1756 | D:2      | Quit the game

Illustrated notes

Levels and vault maps discovered:
D:1:      dpeg_arrival_fog, layout_rooms, minmay_statues_item,
          minmay_close_crescents
D:2:      layout_rooms

Skill      XL: |  1  2  3  4 |
---------------+-------------+-----
Axes           | 4 5 6 |  6.3
Fighting       | |  3.6
Armour         | |  2.4
Dodging        | |  2.1

Action                   |  1- 3 |  4- 6 || total
-------------------------+-------+-------++-------
Melee: Hand axe          |    79 |    21 ||   100
       Headbutt          |    11 |     3 ||    14
Invok: Berserk           |     3 |       ||     3
Armor: Animal skin       |     5 |       ||     5
       Leather armour    |    19 |     2 ||    21
Dodge: Dodged            |    58 |    17 ||    75

Table legend: (Time is in decaauts)
 A = Elapsed time spent in this place.
 B = Non-inter-level travel time spent in this place.
 C = Inter-level travel time spent in this place.
 D = Time resting spent in this place.
 E = Time spent auto-exploring this place.
 F = Levels seen in this place.
 G = Mean time per level.
                   A        B        C        D        E       F      G
               +--------+--------+--------+--------+--------+-----+--------+
         Total |   1788 |   1757 |     31 |    699 |    717 |   2 |  894.0 |
       Dungeon |   1788 |   1757 |     31 |    699 |    717 |   2 |  894.0 |
               +--------+--------+--------+--------+--------+-----+--------+

Top non-repeatable levels by time:
     D:1: 1109 daAuts
     D:2: 679 daAuts
